 Dungeon Crawl Stone Soup version 0.29-a0-284-gf9362112df (webtiles) character file.

Game seed: 16791256116177391774

127379 freelancePsychic the Warrior (level 14, 0/199 (210) HPs)
             Began as a Yellow Draconian Fire Elementalist on Mar 17, 2022.
             Was the Champion of Ru.
             Succumbed to a wolf spider's poison
             ... on level 3 of the Spider Nest.
             The game lasted 01:06:27 (34179 turns).

freelancePsychic the Warrior (DrFE)                Turns: 34179, Time: 01:06:28

HP:   0/199 (210)   AC: 22    Str: 27    XL:     14   Next: 46%
MP:   21/28         EV: 11    Int: 19    God:    Ru [******]
Gold: 805           SH:  0    Dex: 11    Spells: 8/33 levels left

rFire   . . .      SeeInvis .     - Unarmed
rCold   . . .      Faith    .   (shield currently unavailable)
rNeg    . . .      Spirit   .   (body armour unavailable)
rPois   +          Reflect  .   (helmet currently unavailable)
rElec   .          Harm     .   (cloak currently unavailable)
rCorr   +          Rampage  .   (gloves currently unavailable)
Will    +....                   (boots currently unavailable)
Stlth   ..........              b - amulet of regeneration
HPRegen 1.23/turn               g - +4 ring of protection
MPRegen 0.21/turn               S - ring of the Distant Future {EV+4 Str+6}

@: lethally poisoned (0 -> -15), exhausted, dragon-form, flying, studying Axes,
drained
A: dragon claw, dragon scales, flying, boosted hp, spit acid, AC +8, giant,
unfitting armour, clumsy 1, acidic bite, (cold-blooded), no stealth, inability
to use devices, hated by all, inexperienced 1, acid resistance
a: Breathe Acid, End Transformation, Renounce Religion, Draw Out Power, Power
Leap, Apocalypse


You were on level 3 of the Spider Nest.
You worshipped Ru.
Ru was exalted by your worship.
You were a fearsome golden dragon!
You visited 4 branches of the dungeon, and saw 26 of its levels.
You also visited: Ice Cave.

You collected 2380 gold pieces.
You spent 1575 gold pieces at shops.

Inventory:

Hand Weapons
 e - a +1 dagger of draining (melded)
 n - the +6 shortbow of Circular Logic {vorpal, Will+}
   (You found it on level 4 of the Dungeon)

   Any ammunition fired from it inflicts extra damage upon your enemies.
   Will:      It increases your willpower.
Missiles
 u - 5 throwing nets
Armour
 l - a +1 pair of boots
 m - a +2 pair of boots (melded)
 t - a +2 pair of gloves (melded)
 B - a +0 pair of gloves of dexterity
 L - a +1 hat (melded)
Jewellery
 b - an amulet of regeneration (around neck)
 c - a ring of wizardry
 g - a +4 ring of protection (left foreclaw)
 z - a ring of ice
 A - a ring of flight
 C - an amulet of the acrobat
 H - a ring of wizardry
 J - an amulet of magic regeneration
 M - a +6 ring of strength
 R - an amulet of guardian spirit
 S - the ring of the Distant Future (right foreclaw) {EV+4 Str+6}
   (You bought it in a shop on level 2 of the Orcish Mines)

   [ring of evasion]

   EV:        It affects your evasion (+4).
   Str:       It affects your strength (+6).
Scrolls
 d - 13 scrolls of teleportation {@r4}
 f - a scroll of fear
 i - 7 scrolls of identify {@r1}
 j - 3 scrolls of magic mapping
 o - 4 scrolls of vulnerability
 p - 3 scrolls of immolation
 q - 3 scrolls of torment
 s - 2 scrolls of summoning
 v - 3 scrolls of blinking
 w - 3 scrolls of silence
 y - 2 scrolls of enchant weapon
 D - 2 scrolls of amnesia
 E - 3 scrolls of enchant armour
 N - a scroll of fog
Potions
 a - a potion of magic
 h - 4 potions of curing {@q1}
 k - 2 potions of ambrosia
 r - 4 potions of mutation
 x - 2 potions of lignification
 F - 2 potions of flight
 G - a potion of might
 I - 4 potions of haste {@q3}
 K - 4 potions of attraction
 O - 2 potions of resistance
 P - 3 potions of brilliance
 Q - a potion of invisibility
 T - a potion of heal wounds {@q2}


   Skills:
 + Level 17.4 Fighting
 - Level 1.7 Dodging
 - Level 9.9 Unarmed Combat
 + Level 10.2 Spellcasting
 - Level 2.6 Conjurations
 - Level 4.3 Hexes
 * Level 10.7 Translocations
 - Level 15.9 Transmutations
 - Level 8.3 Fire Magic
 - Level 2.3 Earth Magic


You had 8 spell levels left.
You knew the following spells:

 Your Spells              Type           Power      Damage    Failure   Level
a - Dragon Form           Tmut           31%        N/A       9%          7
b - Scorch                Fire           82%        2d9       1%          2
c - Inner Flame           Hex/Fire       33%        N/A       1%          3
d - Yara's Violent Unrav  Hex/Tmut       24%        3d11      3%          5
e - Manifold Assault      Tloc           50%        N/A       2%          5
f - Wereblood             Tmut           63%        N/A       0%          2
g - Foxfire               Conj/Fire      100%       2x1d9     1%          1

Your spell library contained the following spells:

 Spells                   Type           Power      Damage    Failure   Level
 Beastly Appendage        Tmut           100%       N/A       0%          1
 Sting                    Tmut/Pois      100%       1d8       1%          1
 Blink                    Tloc           100%       N/A       1%          2
 Passwall                 Tmut/Erth      36%        N/A       1%          2
 Lesser Beckoning         Tloc           50%        N/A       1%          3
 Spider Form              Tmut/Pois      40%        N/A       1%          3
 Passage of Golubria      Tloc           50%        N/A       1%          4
 Magic Dart               Conj           76%        1d6       2%          1
 Sandblast                Erth           36%        2d10      2%          1
 Conjure Flame            Conj/Fire      30%        6-21      2%          3
 Searing Ray              Conj           38%        2d5       3%          2
 Ensorcelled Hibernation  Hex/Ice        34%        N/A       4%          2
 Static Discharge         Conj/Air       14%        N/A       6%          2
 Pain                     Necr           36%        1d5       8%          1
 Stone Arrow              Conj/Erth      38%        3d9       8%          3
 Flame Wave               Conj/Fire      30%        2d8       8%          4
 Sticky Flame             Conj/Fire      30%        2d5       8%          4
 Corpse Rot               Necr/Air       18%        N/A       11%         2
 Poisonous Vapours        Pois/Air       18%        N/A       11%         2
 Cause Fear               Hex            13%        N/A       12%         4
 Fulminant Prism          Conj/Hex       11%        3d9       17%         4
 Vampiric Draining        Necr           9%         2d6       22%         3
 Anguish                  Hex/Necr       8%         N/A       30%         4
 Eringya's Noxious Bog    Tmut/Pois      20%        N/A       38%         6
 Dispel Undead            Necr           9%         3d8       58%         4
 Olgreb's Toxic Radiance  Pois           9%         N/A       58%         4
 Silence                  Hex/Air        8%         N/A       63%         5
 Storm Form               Tmut/Air       20%        N/A       93%         7
 Lehudib's Crystal Spear  Conj/Erth      9%         10d4      100%        8
 Tukima's Dance           Hex            Unusable   N/A       N/A         3
 Animate Skeleton         Necr           Unusable   N/A       N/A         1
 Summon Small Mammal      Summ           Unusable   N/A       N/A         1
 Summon Guardian Golem    Hex/Summ       Unusable   N/A       N/A         3
 Call Canine Familiar     Summ           Unusable   N/A       N/A         3
 Summon Forest            Summ/Tloc      Unusable   N/A       N/A         5
 Death Channel            Necr           Unusable   N/A       N/A         6
 Summon Hydra             Summ           Unusable   N/A       N/A         7
 Dragon's Call            Summ           Unusable   N/A       N/A         9

Dungeon Overview and Level Annotations

Branches:
Dungeon (15/15)            Temple (0/1) D:6            Lair (6/6) D:9
 Shoals (0/4) Lair:3       Spider (3/4) Lair:2        Slime (0/5) Lair:6
    Orc (2/2) D:10            Elf (0/3) Orc:2        Vaults (0/5) D:13
 Depths (0/4) D:15          IceCv (visited)

Altars:
Ashenzari
Dithmenos
Elyvilon
Fedhas
Gozag
Hepliaklqana
Kikubaaqudgha
Okawaru
Ru
Sif Muna
Trog
Uskayaw
Vehumet
Yredelemnul
The Shining One

Shops:
D:6 ?   D:7 !*?:   D:8 :   D:11 :   Orc:2 [*[:=*

Portals:
Trove: D:15 (give 4 scrolls of blinking)

Annotations:
Lair:1 1 runed translucent door, SirDiesAlot's ghost, journeyman KoCj
Lair:3 1 runed translucent door
Lair:4 exclusion: ice statue


Innate Abilities, Weirdness & Mutations

You are a fearsome golden dragon!
You have a powerful clawing attack.
Your giant scaled body is strong and resiliant, but less evasive.
Your breath weapon is enhanced in this form.
You are flying.
Your maximum health is greatly increased.
Your armour is entirely melded.
You are incapable of wielding weapons or throwing items.
You can spit globs of acid.
Your golden yellow scales are hard. (AC +8)
You cannot fit into any form of body armour.
You are clumsy. (Dex -2)
You have acidic saliva.
((You are cold-blooded and may be slowed by cold attacks.))
You cannot be stealthy.
You cannot study or use magical devices.
You are hated by all.
You are somewhat inexperienced. (-2 XL)
You are resistant to acid. (rCorr)


Message History

The wolf spider is no longer blind.
The moth of wrath goads the wolf spider on!
The wolf spider goes berserk!
The moth of wrath goads the redback on!
The redback goes berserk!
The moth of wrath goads the wolf spider on!
The wolf spider goes berserk!
The wolf spider is stunned by your conviction and fails to attack.
The wolf spider closely misses you. The wolf spider bites you!
The emperor scorpion closely misses you.
The emperor scorpion claws you. x2
You focus your inner power and illuminate the emperor scorpion in retribution!
The jumping spider leaps!
The wolf spider attacks as you move away!
You redirect the wolf spider's attack!
The wolf spider hits the wolf spider but does no damage.
The wolf spider bites the wolf spider.
The wolf spider looks as sick as possible!
The wolf spider poisons the wolf spider!
You feel sick. The wolf spider hits you!
* * * LOW HITPOINT WARNING * * *
The wolf spider bites you!
* * * LOW HITPOINT WARNING * * *
You are more poisoned.
The wolf spider poisons you! The wolf spider hits you!!
* * * LOW HITPOINT WARNING * * *
The wolf spider bites you.
* * * LOW HITPOINT WARNING * * *
The wolf spider hits you but does no damage.
The wolf spider closely misses you.
The moth of wrath goads the emperor scorpion on!
The emperor scorpion goes berserk!
The wolf spider is stunned by your conviction and fails to attack.
The wolf spider hits you!
* * * LOW HITPOINT WARNING * * *
The wolf spider bites you but does no damage.
Blink to where?
Press: ? - help, Dir - move target
As you read the scroll of blinking, it crumbles to dust.
You feel yourself speed up.
You die...

##.......#^. ....#^..
###.^..#....#. ......^#
.###...#.........##..#...#
......#..#..##..#.^.#†....
†..............^.......#.^.
.............)..###sywZ..#.
#...#....#.##..#!§ssZs....#
#...#..........#sZs.^.#.^
#..†<^#D.^#....#.#.#....
#.......^#^#.....#...#...#
###........^....#^....##.#
.....##...#.....s.....^..
......# #..^#...#..##..#...
....^. #..#....#^s#.#....#
.^##....#...##...#.#..#..
.. #.#.........^.......
^...#^#...#....#..#


You could see a jumping spider.

Vanquished Creatures
  Gastronok (D:11)
  Agnes (D:14)
  Donald (Spider:1)
  Nessos (Lair:5)
  4 entropy weavers
  Snorg (Lair:4)
  Josephine (D:10)
  An ettin (D:15)
  A yaktaur captain (D:13)
  3 hydras
  4 centaur warriors
  A catoblepas (Lair:6)
  5 boulder beetles
  A radroach (Spider:2)
  3 two-headed ogres
  2 tengu warriors
  8 death yaks
  Urug (D:11)
  3 orc high priests (Orc:2)
  A fire crab (Lair:6)
  A deep troll (D:15)
  2 pharaoh ants
  4 orb spiders
  3 steelbarb worms
  4 wizards
  A lindwurm (Lair:6)
  4 orc knights (Orc:2)
  A bog body (IceCv)
  4 deep elf pyromancers
  4 orc sorcerers (Orc:2)
  14 wolf spiders
  6 ugly things
  2 necromancers
  4 elephants (Lair:6)
  2 manticores
  2 moths of wrath
  Maurice (D:8)
  2 merfolk sirens (Lair:3)
  10 black mambas
  8 cyclopes
  A guardian serpent (Lair:6)
  A gargoyle (D:12)
  5 torpor snails
  A molten gargoyle (D:14)
  16 cane toads
  2 ice statues (IceCv)
  Maggie (D:10)
  A yaktaur (shapeshifter) (D:15)
  Psyche (D:8)
  2 unseen horrors
  2 kobold demonologists
  An efreet (D:14)
  5 demonic crawlers
  3 rime drakes
  11 komodo dragons
  2 yaktaurs (D:13)
  2 anaconda simulacra (IceCv)
  2 freezing wraiths
  4 ice devils (IceCv)
  A tengu conjurer (D:13)
  2 merfolk (Lair:3)
  6 trolls
  12 tarantellas
  3 meliai (D:14)
  5 hornets
  4 polar bears
  Prince Ribbit (D:4)
  16 slime creatures
  6 dream sheep (Lair:6)
  16 blink frogs
  19 jumping spiders
  A centaur simulacrum (D:14)
  14 culicivoras
  A dire elephant simulacrum (IceCv)
  A shadow (D:10)
  13 wyverns
  5 wraiths
  6 basilisks
  51 yaks
  A steam dragon (D:9)
  40 redbacks
  A warg (Orc:1)
  7 harpy simulacra (IceCv)
  Duvessa (D:5)
  An acid dragon (D:9)
  34 water moccasins
  A swamp drake (D:10)
  3 black bears
  10 ice beasts
  18 orc warriors
  3 sky beasts
  2 ogres
  An ogre (shapeshifter) (D:15)
  15 wolves
  8 centaurs
  2 phantoms
  4 kobold brigands
  Blork the orc (D:4)
  10 bullfrogs
  2 two-headed ogre simulacra (IceCv)
  A gnoll sergeant (D:6)
  3 wights
  Dowan (D:5)
  11 killer bees (D:9)
  2 elephant simulacra (IceCv)
  2 electric eels (Lair:2)
  2 howler monkeys
  A vampire bat (D:3)
  A crimson imp (D:10)
  2 jellies
  2 gnoll shamans
  20 orc priests
  3 hounds
  3 iguanas
  Terence (D:2)
  Ijyb (D:4)
  19 orc wizards
  A troll simulacrum (IceCv)
  A wolf simulacrum (IceCv)
  Robin (D:2)
  12 gnolls
  3 adders
  A shadow imp (D:7)
  3 white imps
  An ufetubus (D:5)
  5 worms (D:4)
  A dart slug (D:4)
  3 fire bats (D:3)
  77 orcs
  2 spectral bats (D:3)
  13 bats
  3 bat skeletons (D:3)
  A bat zombie (D:3)
  4 endoplasms
  5 giant cockroaches
  14 goblins
  2 hobgoblins (D:2)
  3 quokkas
  5 ball pythons
  A bat simulacrum (D:3)
  3 frilled lizards
  15 kobolds
  7 rats
796 creatures vanquished.

Vanquished Creatures (others)
  A hydra (Lair:1)
  A radroach (Spider:1)
  A cane toad (Lair:6)
  A rime drake (Lair:5)
  A komodo dragon (Lair:5)
  A yak (Lair:5)
  A steam dragon (D:10)
  A redback (Spider:1)
  A water moccasin (Lair:5)
  An orc (Orc:1)
  396 foxfires
  62 fungi
  77 plants
  3 toadstools (Lair:3)
548 creatures vanquished.

Grand Total: 1344 creatures vanquished

Notes
Turn   | Place    | Note
-------+----------+-------------------------------------------
     0 | D:1      | freelancePsychic the Draconian Fire Elementalist began the
                  | quest for the Orb.
     0 | D:1      | Reached XP level 1. HP: 14/14 MP: 3/3
   377 | D:1      | Reached XP level 2. HP: 22/22 MP: 0/5
   952 | D:1      | Found a faded altar of an unknown god.
  1150 | D:2      | Noticed Terence
  1197 | D:2      | Learned a level 2 spell: Scorch
  1432 | D:2      | Noticed Robin
  1438 | D:2      | Reached skill level 1 in Fighting
  1698 | D:2      | You fall into a shaft and drop 1 floor!
  1886 | D:2      | Reached XP level 3. HP: 28/28 MP: 1/6
  2623 | D:2      | Killed Terence
  2624 | D:2      | Reached XP level 4. HP: 17/36 MP: 1/8
  2824 | D:2      | Killed Robin
  3306 | D:3      | Reached skill level 2 in Fighting
  3382 | D:3      | Reached XP level 5. HP: 40/40 MP: 10/10
  4127 | D:4      | Identified the +6 shortbow of Circular Logic {vorpal,
                  | Will+}
  4232 | D:3      | Reached XP level 6. HP: 27/50 MP: 1/12
  4677 | D:4      | Reached skill level 5 in Fire Magic
  4904 | D:4      | Reached skill level 3 in Fighting
  5095 | D:4      | Your scales start taking on a golden yellow colour.
  5095 | D:4      | Reached XP level 7. HP: 57/57 MP: 4/14
  5095 | D:4      | Gained mutation: You are resistant to acid. (rCorr) [Yellow
                  | Draconian growth]
  5099 | D:4      | Learned a level 3 spell: Inner Flame
  5331 | D:4      | Noticed a moth of wrath
  5334 | D:4      | Found a bloodstained altar of Trog.
  5440 | D:4      | Found a white marble altar of Elyvilon.
  5469 | D:4      | Killed a moth of wrath
  5470 | D:4      | Reached skill level 4 in Fighting
  5470 | D:4      | Reached skill level 5 in Spellcasting
  5470 | D:4      | Reached skill level 1 in Hexes
  5850 | D:4      | Found a hide-covered altar of Uskayaw.
  5850 | D:4      | Found a hazy altar of Hepliaklqana.
  5851 | D:4      | Found an iron altar of Okawaru.
  5851 | D:4      | Found a basalt altar of Yredelemnul.
  5852 | D:4      | Found a sacrificial altar of Ru.
  5852 | D:4      | Found an ancient bone altar of Kikubaaqudgha.
  5853 | D:4      | Found a glowing golden altar of the Shining One.
  5853 | D:4      | Found a radiant altar of Vehumet.
  5853 | D:4      | Found a shimmering blue altar of Sif Muna.
  5864 | D:4      | Became a worshipper of Ru the Awakened
  5969 | D:5      | Entered Level 5 of the Dungeon
  5969 | D:5      | Noticed Ijyb
  5969 | D:5      | Noticed Prince Ribbit
  5969 | D:5      | Noticed Blork the orc
  5979 | D:4      | Killed Ijyb
  6130 | D:5      | Noticed Dowan
  6130 | D:5      | Noticed Duvessa
  6308 | D:4      | Reached XP level 8. HP: 55/66 MP: 4/16
  6410 | D:4      | Killed Prince Ribbit
  6646 | D:4      | Killed Blork the orc
  6901 | D:5      | Killed Duvessa
  6912 | D:5      | Killed Dowan
  6969 | D:5      | Reached skill level 5 in Fighting
  7116 | D:5      | Found a broken altar of Ashenzari.
  7498 | D:5      | Found a shadowy altar of Dithmenos.
  7888 | D:5      | Reached XP level 9. HP: 70/74 MP: 19/19
  7918 | D:6      | Found Jikhligyd's Magic Scroll Emporium.
  8304 | D:6      | Found a staircase to the Ecumenical Temple.
  8432 | D:6      | Gained mutation: You are hated by all. [Ru sacrifice]
  8432 | D:6      | Reached * piety under Ru
  8779 | D:7      | Noticed a purple ugly thing
  8779 | D:7      | Found Teluafuawo's General Store.
  9003 | D:7      | Found Nianopn's Magic Scroll Shoppe.
  9010 | D:7      | Bought a scroll of magic mapping for 38 gold pieces
  9051 | D:7      | Reached skill level 6 in Fighting
  9057 | D:7      | Killed a purple ugly thing
  9058 | D:7      | Reached skill level 1 in Earth Magic
  9407 | D:7      | Found Esevewaju's Book Shop.
  9410 | D:7      | Identified the +6 flail of Wrongful Imprisonment {drain,
                  | rPois rF- rCorr Stlth+}
  9811 | D:7      | Found Viupes's Distillery.
  9844 | D:8      | Found Seif's Book Shoppe.
 10035 | D:8      | Noticed Psyche
 10040 | D:8      | Killed Psyche
 10041 | D:8      | Reached skill level 7 in Fighting
 10041 | D:8      | Reached skill level 1 in Transmutations
 10093 | D:8      | Noticed a two-headed ogre
 10101 | D:8      | Killed a two-headed ogre
 10102 | D:8      | Reached XP level 10. HP: 18/86 MP: 16/21
 10417 | D:8      | Noticed Maurice
 10424 | D:8      | Killed Maurice
 10462 | D:8      | Reached skill level 8 in Fighting
 11386 | D:8      | Reached skill level 5 in Transmutations
 11543 | D:8      | Gained mutation: You cannot study or use magical devices.
                  | [Ru sacrifice]
 11543 | D:8      | Reached ** piety under Ru
 11543 | D:8      | Reached *** piety under Ru
 11657 | D:9      | Reached skill level 9 in Fighting
 12308 | D:9      | Reached skill level 10 in Fighting
 12340 | D:9      | Reached XP level 11. HP: 99/99 MP: 15/22
 12744 | D:9      | Found a staircase to the Lair.
 12785 | D:9      | Learned a level 5 spell: Yara's Violent Unravelling
 13146 | D:10     | Entered Level 10 of the Dungeon
 13146 | D:10     | Noticed a two-headed ogre
 13147 | D:10     | Noticed a two-headed ogre
 13166 | D:10     | Killed a two-headed ogre
 13170 | D:10     | Killed a two-headed ogre
 13304 | D:10     | Reached skill level 11 in Fighting
 13350 | D:10     | Noticed Maggie
 13361 | D:10     | Killed Maggie
 13738 | D:10     | Noticed Josephine
 13744 | D:10     | Killed Josephine
 14294 | D:10     | Noticed a wizard
 14382 | D:7      | Bought a book of the Dragon for 506 gold pieces
 14390 | D:7      | Learned a level 7 spell: Dragon Form
 14437 | Lair:1   | Entered Level 1 of the Lair of Beasts
 14440 | Lair:1   | Found a runed translucent door.
 14442 | Lair:1   | Noticed SirDiesAlot's ghost (journeyman KoCj)
 14444 | Lair:1   | Noticed a spriggan rider
 14552 | Lair:1   | Gained mutation: You are clumsy. (Dex -2) [Ru sacrifice]
 14552 | Lair:1   | Reached **** piety under Ru
 14620 | Lair:1   | Reached skill level 1 in Unarmed Combat
 14744 | Lair:1   | Reached skill level 12 in Fighting
 15228 | Lair:1   | Noticed a five-headed hydra
 15234 | Lair:1   | Killed a five-headed hydra
 15235 | Lair:1   | Reached XP level 12. HP: 112/112 MP: 7/23
 15550 | Lair:1   | Identified the +7 spear of the Shoals {drain, Str+4}
 15954 | Lair:2   | Reached skill level 10 in Transmutations
 16341 | Lair:2   | Found a hole to the Spider Nest.
 17053 | Lair:3   | Found a frozen archway.
 17062 | IceCv    | Entered an ice cave
 17985 | IceCv    | Reached skill level 13 in Fighting
 17985 | IceCv    | Reached skill level 5 in Unarmed Combat
 18495 | Lair:3   | Gained mutation: You cannot be stealthy. [Ru sacrifice]
 18495 | Lair:3   | Reached ***** piety under Ru
 18714 | Lair:3   | Identified the +7 mace "Muil" {distort, rElec rCorr Int+2}
 18723 | Lair:3   | Found a staircase to the Shoals.
 19010 | Lair:3   | Noticed a dire elephant
 19030 | Lair:3   | Found a runed translucent door.
 19121 | Lair:3   | Reached XP level 13. HP: 109/121 MP: 18/24
 19986 | Lair:4   | Noticed Snorg
 20000 | Lair:4   | Killed Snorg
 21051 | Lair:5   | Reached skill level 14 in Fighting
 21175 | Lair:5   | Noticed Nessos
 21183 | Lair:5   | Killed Nessos
 21548 | Lair:5   | Learned a level 2 spell: Wereblood
 22104 | Lair:6   | Entered Level 6 of the Lair of Beasts
 22153 | Lair:6   | Found a staircase to the Slime Pits.
 22343 | Lair:6   | Found a sacrificial altar of Ru.
 22484 | Lair:6   | Gained mutation: You have acidic saliva. [Yellow Draconian
                  | growth]
 22484 | Lair:6   | Reached XP level 14. HP: 133/133 MP: 22/25
 22750 | Lair:6   | Reached skill level 15 in Transmutations
 23143 | Lair:6   | Reached skill level 15 in Fighting
 24260 | D:10     | Found a staircase to the Orcish Mines.
 24829 | D:11     | Noticed Urug
 24835 | D:11     | Killed Urug
 24838 | D:11     | Noticed Gastronok
 24852 | D:11     | Killed Gastronok
 25488 | D:11     | Found Cuvamus's Book Shop.
 25504 | D:11     | Bought a book of Spatial Translocations for 364 gold pieces
 25753 | D:12     | Learned a level 5 spell: Manifold Assault
 25808 | D:12     | Reached skill level 1 in Translocations
 26065 | D:12     | Gained mutation: You are somewhat inexperienced. (-2 XL)
                  | [Ru sacrifice]
 26065 | D:12     | Reached XP level 13. HP: 128/128 MP: 24/24
 26065 | D:12     | Reached XP level 12. HP: 122/122 MP: 23/23
 26065 | D:12     | Reached ****** piety under Ru
 26783 | D:13     | Reached XP level 13. HP: 125/125 MP: 24/24
 26824 | D:13     | Found a gate to the Vaults.
 27285 | D:14     | Noticed Agnes
 27291 | D:14     | Killed Agnes
 27477 | D:14     | Reached skill level 16 in Fighting
 27867 | D:14     | Identified the +4 great sword of Jiomaet {vorpal, rPois
                  | Will+}
 27962 | D:14     | Reached skill level 5 in Translocations
 28353 | D:15     | Entered Level 15 of the Dungeon
 28373 | D:15     | Found a portal to a secret trove of treasure.
 28598 | D:15     | Found a staircase to the Depths.
 29009 | D:15     | Found an opulent altar of Gozag.
 29736 | Orc:1    | Entered Level 1 of the Orcish Mines
 29993 | Orc:2    | Entered Level 2 of the Orcish Mines
 29993 | Orc:2    | Found a staircase to the Elven Halls.
 30213 | Orc:2    | Found Hasutam's Armour Emporium.
 30435 | Orc:2    | Found Rucecs's Overcharged Wands.
 30600 | Orc:2    | Paralysed by an orc sorcerer for 5 turns
 30752 | Orc:2    | Found Ubbid's Jewellery Boutique.
 30752 | Orc:2    | Found Viysimuv's Assorted Antiques.
 30753 | Orc:2    | Found Sufo's Book Shoppe.
 30753 | Orc:2    | Found Nufossi's Armour Shoppe.
 30827 | Orc:2    | Bought the ring of the Distant Future {EV+4 Str+6} for 667
                  | gold pieces
 31077 | Spider:1 | Entered Level 1 of the Spider Nest
 31194 | Spider:1 | Noticed Donald
 31198 | Spider:1 | Killed Donald
 31453 | Spider:1 | Reached XP level 14. HP: 123/123 MP: 2/27
 31826 | Spider:1 | Reached skill level 17 in Fighting
 33129 | Spider:2 | Reached skill level 10 in Translocations
 33418 | Spider:2 | Reached skill level 10 in Spellcasting
 34178 | Spider:3 | HP: 8/199 [wolf spider (11)]
 34179 | Spider:3 | Succumbed to a wolf spider's poison

Illustrated notes

Levels and vault maps discovered:
D:1:      psy_arrival_basics, layout_loops_corners,
          shapermc_ecumenical_altar_ellora, minmay_misc_feat_tower
D:2:      layout_loops_ring, uniq_terence, uniq_robin
D:3:      layout_loops_corners, goddamned_bats
D:4:      layout_loops_ring, lemuel_round_altar, nicolae_overflows_in_rows,
          tgw_trog
D:5:      layout_rooms, nicolae_dithmenos_the_darkroom, kennysheep_little_box,
          columned_hall_lemuel, uniq_ijyb, uniq_prince_ribbit1, uniq_duvessa,
          uniq_blork_the_orc
D:6:      layout_rooms, minmay_temple_entry_sparse_star, serial_shops, shop
D:7:      layout_rooms, serial_shops, nicolae_shop_hallway_stairs, shop,
          nicolae_stop_n_shop_2, nicolae_stop_n_shop_1, lightli_orcish_oven
D:8:      layout_gridville, serial_shops, shop_statue, special_room
          [special_room_orc], uniq_psyche, uniq_maurice
D:9:      layout_cave_pools, lair_entry_dummy
D:10:     layout_irregular_city, erik_orc_1, grunt_decor_arrowhead,
          grunt_ministairs_15, lightli_wizard_tower, uniq_josephine, uniq_maggie
D:11:     layout_basic, serial_shops, nicolae_stop_n_shop_1, uniq_gastronok,
          uniq_urug
D:12:     layout_stronghold
D:13:     layout_gridville, david_vaults_2
D:14:     layout_loops_cross, kennysheep_small_spiral, minivault_25_ag,
          corexii_leaking_fountain, fedhas_altar_2, uniq_agnes
D:15:     hangedman_depths_entry_civil_slaughter, layout_long_grid,
          nicolae_gozag_cash_rules_everything_around_me, enter_trove_3
Lair:1:   layout_loops_ring, ebering_ghost_funeral_grove, serial_bayou_pond_c
Lair:2:   layout_cave_pods, dummy_spider_entry, dreamdust_mushroom_princess,
          disabler_island, infiniplex_staircase_pool, lemuel_fruit_tree
Lair:3:   gammafunk_lair_enchanted_lake, layout_small_grid,
          elwin_shoals_entry_stream, portal_ice_cave_entry_ice_simulacra
Lair:4:   layout_regular_city, ice2_lemuel, infiniplex_staircase_pool_2,
          grunt_megastairs_5, serial_bayou_shore_a, uniq_snorg
Lair:5:   layout_loops_ring, serial_bayou_pond_b, lemuel_old_faithful,
          uniq_nessos
Lair:6:   hangedman_lair_tendril_chambers, layout_cave_pods,
          dpeg_slime_entry_corner, basic_altar, grunt_forest_small_clearings
Spider:1: layout_spider_delve, nicolae_spider_nooks_and_crannies, uniq_donald
Spider:2: layout_spider_delve
Spider:3: layout_spider_delve
Orc:1:    nicolae_orc_accident_3, layout_diamond_mine, okawaru_metal_pillars_3
Orc:2:    st_orc_elflike, layout_caves, serial_shops, shop,
          nicolae_shop_overcharged_wands

Skill      XL: |  1  2  3  4  5  6  7  8  9 10 11 12 13 14 |
---------------+-------------------------------------------+-----
Fighting       | 1 2 3 4 5 7 10 12 13 16 17 | 17.4
Spellcasting   | 3 4 5 6 7 9 10 | 10.2
Fire Magic     | 4 5 6 7 8 |  8.3
Hexes          | 1 2 4 |  4.3
Conjurations   | 2 |  2.6
Earth Magic    | 2 |  2.3
Transmutations | 2 6 9 12 14 15 | 15.9
Unarmed Combat | 2 5 8 9 |  9.9
Stealth        | 0 |  0.0
Translocations | 3 8 10 | 10.7
Dodging        | |  1.7

Action                   |  1- 3 |  4- 6 |  7- 9 | 10-12 | 13-15 || total
-------------------------+-------+-------+-------+-------+-------++-------
Melee: Unarmed           |    21 |       |       |    19 |   758 ||   798
       Dagger            |    43 |    94 |    54 |    32 |    64 ||   287
       Tailslap          |     5 |    15 |     4 |     8 |   101 ||   133
       Punch             |       |     2 |       |     2 |    36 ||    40
       Bite              |       |       |       |       |    79 ||    79
 Cast: Foxfire           |    18 |       |    72 |   135 |     7 ||   232
       Scorch            |    22 |    41 |    97 |   274 |    43 ||   477
       Inner Flame       |       |       |    40 |    73 |     5 ||   118
       Yara's Violent Un |       |       |       |     2 |       ||     2
       Dragon Form       |       |       |       |     3 |    92 ||    95
       Manifold Assault  |       |       |       |       |    83 ||    83
Invok: Sacrifice Love    |       |       |     1 |       |       ||     1
       Sacrifice Artific |       |       |       |     1 |       ||     1
       Draw Out Power    |       |       |       |     6 |    11 ||    17
       Sacrifice Purity  |       |       |       |     1 |       ||     1
       Sacrifice Stealth |       |       |       |     1 |       ||     1
       Sacrifice Experie |       |       |       |     1 |       ||     1
       Apocalypse        |       |       |       |       |     2 ||     2
       Reject Sacrifices |       |       |       |       |     1 ||     1
 Abil: Breathe Acid      |       |       |     7 |    23 |    31 ||    61
       End Transformatio |       |       |       |       |     2 ||     2
  Use: Scroll            |     7 |     1 |     2 |     9 |    13 ||    32
       Potion            |       |       |       |     1 |     8 ||     9
 Stab: Sleeping          |       |     1 |       |       |       ||     1
       Paralysed         |       |       |       |     1 |     2 ||     3
       Invisible         |       |       |       |       |     5 ||     5
       Petrified         |       |       |       |       |     2 ||     2
       Distracted        |       |       |       |       |     1 ||     1
Armor: Skin              |    37 |   119 |    86 |   177 |   532 ||   951
Dodge: Dodged            |    56 |   156 |   109 |   186 |   359 ||   866

Table legend: (Time is in decaauts)
 A = Elapsed time spent in this place.
 B = Non-inter-level travel time spent in this place.
 C = Inter-level travel time spent in this place.
 D = Time resting spent in this place.
 E = Time spent auto-exploring this place.
 F = Levels seen in this place.
 G = Mean time per level.
                   A        B        C        D        E       F      G
               +--------+--------+--------+--------+--------+-----+--------+
         Total |  34177 |  32593 |   1584 |   2132 |  25885 |  27 | 1265.8 |
       Dungeon |  20247 |  19108 |   1139 |   1633 |  14909 |  15 | 1349.8 |
          Lair |   8427 |   8065 |    362 |      0 |   6877 |   6 | 1404.5 |
   Spider Nest |   3079 |   3056 |     23 |    417 |   2178 |   3 | 1026.3 |
  Orcish Mines |   1195 |   1136 |     59 |      0 |    941 |   2 |  597.5 |
      Ice Cave |   1227 |   1227 |      0 |     82 |    980 |   1 | 1227.0 |
               +--------+--------+--------+--------+--------+-----+--------+

Top non-repeatable levels by time:
     D:8: 2390 daAuts
     D:4: 2227 daAuts
     D:3: 2027 daAuts
  Lair:6: 1792 daAuts
Spider:1: 1721 daAuts
    D:10: 1719 daAuts
  Lair:3: 1518 daAuts
     D:2: 1435 daAuts
  Lair:2: 1380 daAuts
  Lair:1: 1324 daAuts
    D:15: 1276 daAuts
     D:5: 1239 daAuts
Spider:2: 1239 daAuts
   IceCv: 1227 daAuts
  Lair:4: 1214 daAuts
